 Dungeon Crawl Stone Soup version 0.28.0 (webtiles) character file.

Game seed: 11222838075306757687

1786 multipassport the Ducker (level 8, 0/62 (68) HPs)
             Began as a Demigod Hunter on Feb 9, 2022.
             Slain by a wight (3 damage)
             ... on level 6 of the Dungeon.
             The game lasted 00:17:46 (7891 turns).

multipassport the Ducker (Demigod Hunter)           Turns: 7891, Time: 00:17:47

HP:   0/62 (68)     AC:  6    Str: 13    XL:     8   Next: 52%
MP:   10/10         EV: 15    Int: 13    God:
Gold: 273           SH:  6    Dex: 22    Spells: 7/7 levels left

rFire   . . .      SeeInvis .   o - +5 club (spect)
rCold   . . .      Faith    .   f - +0 buckler
rNeg    . . .      Spirit   .   p - +2 robe {Will+}
rPois   +          Reflect  .   (no helmet)
rElec   .          Harm     .   q - +0 cloak {rPois}
rCorr   .          Rampage  .   z - +0 pair of gloves
Will    +....                   (no boots)
Stlth   ++........              w - amulet of the acrobat
HPRegen 0.20/turn               (no ring)
MPRegen 0.12/turn               (no ring)

@: studying Long Blades, drained
A: high MP 1, forlorn, divine attributes
a: no special abilities


You were on level 6 of the Dungeon.
You visited 1 branch of the dungeon, and saw 7 of its levels.

You collected 273 gold pieces.

Inventory:

Hand Weapons
 a - a +1 hand crossbow
 o - a +5 spectral club (weapon)
 r - the +1 mace of Xuqoifoj {flame, Int+4 Dex+2}
   (You found it on level 2 of the Dungeon)

   It burns those it strikes, dealing additional fire damage.
   Int:       It affects your intelligence (+4).
   Dex:       It affects your dexterity (+2).
Missiles
 d - 56 bolts
Armour
 f - a +0 buckler (worn)
 p - a +2 robe of willpower (worn)
 q - a +0 cloak of poison resistance (worn)
 y - +0 acid dragon scales
 z - a +0 pair of gloves (worn)
Magical Staves
 i - a staff of fire
Jewellery
 w - an amulet of the acrobat (around neck)
 x - an amulet of magic regeneration
 B - an amulet of regeneration
Wands
 u - a wand of iceblast (10)
Scrolls
 h - a scroll of teleportation
 n - a scroll of vulnerability {unknown}
 t - a scroll of blinking
 v - 5 scrolls of identify
 D - a scroll of fear
Potions
 b - a potion of heal wounds
 c - a potion of resistance {unknown}
 e - 3 potions of might
 g - a potion of curing
 j - a potion of mutation {unknown}
 k - a potion of lignification {unknown}
 l - 2 potions of brilliance {unknown}
 m - 2 potions of haste {unknown}
 s - a potion of degeneration {unknown}
 A - 2 potions of experience {unknown}
 C - a potion of ambrosia {unknown}
 E - a potion of cancellation {unknown}


   Skills:
 - Level 5.0 Fighting
 + Level 4.7 Maces & Flails
 - Level 4.6 Crossbows
 - Level 1.6 Armour
 - Level 5.0 Dodging
 - Level 0.8 Stealth
 - Level 5.0 Shields


You had 7 spell levels left.
You didn't know any spells.
Your spell library contained the following spells:

 Spells                   Type           Power      Damage    Failure   Level
 Pain                     Necr           0%         1d4       36%         1
 Summon Lightning Spire   Summ/Air       0%         N/A       98%         4
 Agony                    Necr           0%         N/A       100%        5
 Excruciating Wounds      Necr           0%         N/A       100%        5
 Storm Form               Tmut/Air       0%         N/A       100%        7
 Maxwell's Capacitive Co  Air            0%         ∞         100%        8


Dungeon Overview and Level Annotations

Branches:
Dungeon (7/15)             Temple (0/1) D:6

Annotations:
D:7 Harold


Innate Abilities, Weirdness & Mutations

You have an increased reservoir of magic. (+10% MP)
You shall have no god before yourself.
Your divine heritage dramatically boosts your attributes as you level up.


Message History

The wight hits you with a +3 dagger of freezing.
The wight freezes you. You block the wight's attack.
Training target 5.0 for Shields reached!
Your Shields skill increases to level 5!
The wight misses you. x2
You climb upwards.
There is a stone staircase leading down here.
You sock the wight!
The wight is heavily damaged.
The wight misses you. x2
You hit the wight.
The wight is almost destroyed.
The wight barely misses you.
The wight hits you with a +3 dagger of freezing.
You feel drained. The wight freezes you.
You barely miss the wight.
The wight is almost destroyed.
The wight completely misses you. You block the wight's attack.
You hit the wight.
You destroy the wight!
The wight misses you.
You closely miss the wight. The wight barely misses you. x2
You hit the wight.
The wight is moderately damaged.
The wight hits you with a +0 scimitar!
* * * LOW HITPOINT WARNING * * *
You feel drained.
* * * LOW HITPOINT WARNING * * *
You hit the wight but do no damage.
The wight is moderately damaged.
The wight closely misses you.
You barely miss the wight.
The wight is moderately damaged.
The wight barely misses you.
You hit the wight.
The wight is heavily damaged.
The wight hits you with a +0 scimitar!
* * * LOW HITPOINT WARNING * * *
You feel drained.
You die...

###### .....# ####.# #.#
#.#
####.################
...............z@)..#
#.##.##.##.########.#
..##.##.........# #.#
.....##.##.#.##.# #.#
.............##.###.####
#..#.##.#......).......#
...#.....#.#.##.###.##.#
...####..#.#.##.# #.##.#
...# #.........# #.##.#


You could see a wight.

Vanquished Creatures
  Sigmund (D:2)
  An acid dragon (D:6)
  A water moccasin (D:6)
  An ogre (D:6)
  2 centaurs (D:6)
  2 bullfrogs (D:7)
  4 scorpions
  A water moccasin zombie (D:5)
  2 wights
  A bullfrog zombie (D:6)
  4 hounds
  A jelly (D:6)
  A bullfrog skeleton (D:5)
  2 orc priests (D:5)
  Crazy Yiuf (D:2)
  Jessica (D:2)
  3 orc wizards (D:5)
  Natasha (thrice) (D:3)
  5 gnolls
  6 adders
  A white imp (D:6)
  A worm (D:5)
  A dart slug (D:1)
  14 orcs
  8 bats
  4 endoplasms
  4 giant cockroaches
  7 goblins
  10 hobgoblins
  7 kobolds
  4 quokkas
  4 ball pythons
  4 frilled lizards
  5 rats
117 creatures vanquished.

Notes
Turn   | Place    | Note
-------+----------+-------------------------------------------
     0 | D:1      | multipassport the Demigod Hunter began the quest for the
                  | Orb.
     0 | D:1      | Reached XP level 1. HP: 17/17 MP: 3/3
   242 | D:1      | Reached XP level 2. HP: 18/24 MP: 4/4
   775 | D:1      | Reached XP level 3. HP: 23/30 MP: 5/5
  1618 | D:2      | Noticed Sigmund
  1626 | D:2      | Killed Sigmund
  1627 | D:2      | Reached skill level 1 in Armour
  1627 | D:2      | Reached skill level 1 in Shields
  1627 | D:2      | Reached XP level 4. HP: 35/38 MP: 6/6
  1627 | D:2      | Reached XP level 5. HP: 41/45 MP: 7/7
  1707 | D:2      | Noticed Jessica
  1717 | D:2      | Killed Jessica
  2080 | D:2      | Found a runed translucent door.
  2081 | D:2      | Noticed Crazy Yiuf
  2090 | D:2      | Killed Crazy Yiuf
  2100 | D:2      | Identified the +1 mace of Xuqoifoj {flame, Int+4 Dex+2}
  2407 | D:3      | Noticed Natasha
  2415 | D:3      | Killed Natasha
  2815 | D:3      | Reached XP level 6. HP: 51/51 MP: 8/8
  2864 | D:3      | Noticed Natasha
  2870 | D:3      | Killed Natasha
  3165 | D:3      | Noticed Natasha
  3172 | D:3      | Killed Natasha
  3417 | D:4      | Reached skill level 1 in Maces & Flails
  4195 | D:5      | Entered Level 5 of the Dungeon
  4239 | D:5      | Reached XP level 7. HP: 14/58 MP: 9/9
  4247 | D:5      | HP: 2/58 [poisoned by a scorpion]
  6138 | D:6      | Reached XP level 8. HP: 55/67 MP: 10/10
  6246 | D:6      | Found a staircase to the Ecumenical Temple.
  7123 | D:6      | Reached skill level 5 in Fighting
  7123 | D:6      | Reached skill level 5 in Dodging
  7539 | D:7      | Noticed Harold
  7881 | D:7      | Reached skill level 5 in Shields
  7891 | D:6      | HP: 3/64 [wight (10)]
  7891 | D:6      | Slain by a wight

Illustrated notes

Levels and vault maps discovered:
D:1:      grunt_arrival_crossed_arrows, layout_loops_ring, minivault_5,
          minmay_misc_feat_cross
D:2:      layout_loops_ring, uniq_crazy_yiuf_cottage, uniq_sigmund, uniq_jessica
D:3:      layout_loops_corners, minivault_19, grunt_ministairs_3,
          grunt_decor_mini_mirrors, uniq_natasha
D:4:      layout_loops_ring, amethyst_killhole
D:5:      layout_basic, mainiacjoe_overflow_paths,
          hangedman_abyss_or_decor_jellyfish_corner, minmay_manual_mess
D:6:      minmay_chambers_of_fours, layout_basic,
          minmay_temple_entry_steel_oval, hangedman_decor_diamond_cutter
D:7:      minmay_the_grid_octo_tiled_octocenter
          [minmay_the_grid_octo_fan_narrow, minmay_the_grid_octo_teeth,
          minmay_the_grid_octo_checkerflower, minmay_the_grid_octo_fat_diamond,
          minmay_the_grid_octo_prize_ultimate_mussel_roller,
          minmay_the_grid_square_5x5_slash,
          minmay_the_grid_square_5x5_checkered_statues,
          minmay_the_grid_square_5x5_three, minmay_the_grid_square_5x5_eight],
          layout_loops_corners, chequers_serial_rivers_small_b,
          hangedman_decor_points, uniq_harold, uniq_pikel

Skill      XL: |  1  2  3  4  5  6  7  8 |
---------------+-------------------------+-----
Fighting       | 2 3 4 5 |  5.0
Dodging        | 2 3 4 5 |  5.0
Crossbows      | 4 |  4.6
Armour         | 1 |  1.6
Shields        | 1 2 3 5 |  5.0
Maces & Flails | 1 3 4 |  4.7
Stealth        | |  0.8

Action                   |  1- 3 |  4- 6 |  7- 9 || total
-------------------------+-------+-------+-------++-------
Melee: Short sword       |    37 |       |       ||    37
       Dagger            |    96 |    11 |       ||   107
       Club              |       |    96 |   189 ||   285
 Fire: Hand crossbow     |     7 |       |       ||     7
  Use: Scroll            |       |     7 |       ||     7
       Potion            |       |       |     1 ||     1
 Stab: Sleeping          |     2 |     2 |     2 ||     6
       Distracted        |       |       |     2 ||     2
Armor: Leather armour    |    19 |       |       ||    19
       Scale mail        |    36 |     1 |       ||    37
       Robe              |       |    15 |    34 ||    49
Dodge: Dodged            |    73 |    50 |   146 ||   269
Block: Buckler           |    15 |    22 |    60 ||    97
